Cogmind - Beta 10.2 *** ADVENTURER MODE // 2021.04.02 @ 00:40:34 // Halloween2020/ForbiddenLore Player: Donnie Result: Destroyed by G-34 Mercenary with Small Laser Performance ------------- Evolutions (1) 500 Regions Visited (4) 800 Robots Destroyed (31) 155 Value Destroyed (1032) 1032 Prototype IDs (0) 0 Alien Tech Used (0) 0 Bonus (0) 0 TOTAL SCORE: 2487 Bonus ------- None Cogmind --------- Core Integrity 0/400 Matter 276/300 Energy 83/100 System Corruption 0% Temperature Cool (6) Movement Core (50) Location -9/Storage Parts ------- > --- POWER (1) -------- (None) > --- PROPULSION (2) --- (None) > --- UTILITY (3) ------ (None) > --- WEAPON (3) ------- (None) > --- INVENTORY (4) ---- Drone Bay (2/2) Drone Bay (2/2) Drone Bay (2/2) Drone Bay (2/2) Peak State ------------ > --- POWER ------------ Light Nuclear Core > --- PROPULSION ------- Compact Wheel > --- UTILITY ---------- Large Storage Unit Large Storage Unit Targeting Computer > --- WEAPON ----------- Shotgun Shotgun Mining Claw > --- INVENTORY -------- Wheel High-capacity Matter Pod Drone Bay Drone Bay Drone Bay Drone Bay Drone Bay Drone Bay Drone Bay Spread Laser Rocket Launcher [Rating: 16] Favorites ----------- Power Light Nuclear Core Engine Ion Engine Power Core Light Nuclear Core Propulsion Aluminum Leg Leg Aluminum Leg Wheel Compact Wheel Utility Large Storage Unit Device Improved Heat Sink Storage Large Storage Unit Processor Targeting Computer Weapon Assault Rifle Energy Gun Medium Laser Ballistic Gun Assault Rifle Launcher Rocket Launcher Slashing Weapon Mining Claw Build | -11 -10 -10 -9 -9 ------- Run | Scr Mat Min Mat Sto Slots Evolved 2 | . . . 2 . Power . | . . . . . Propulsion . | . . . . . Utility 1 | . . . 1 . Weapon 1 | . . . 1 . Parts Attached 22 | . 5 4 7 6 Power 3 | . . 1 1 1 Engine 1 | . . . 1 . Core 2 | . . 1 . 1 Reactor . | . . . . . Propulsion 4 | . . . 2 2 Treads . | . . . . . Leg 2 | . . . 2 . Wheel 2 | . . . . 2 Hover . | . . . . . Flight . | . . . . . Utility 5 | . 2 1 1 1 Device 2 | . 1 1 . . Storage 2 | . 1 . . 1 Processor 1 | . . . 1 . Hackware . | . . . . . Protection . | . . . . . Artifact . | . . . . . Weapon 10 | . 3 2 3 2 Energy Gun . | . . . . . Energy Cannon . | . . . . . Ballistic Gun 6 | . 1 1 2 2 Ballistic Cannon . | . . . . . Launcher 3 | . 2 1 . . Special Weapon . | . . . . . Impact Weapon . | . . . . . Slashing Weapon 1 | . . . 1 . Piercing Weapon . | . . . . . Special Melee Weapon . | . . . . . Unidentified Prototypes . | . . . . . Parts Lost 19 | . . . 8 11 Power 3 | . . . 2 1 Propulsion 5 | . . . 2 3 Utility 6 | . . . 1 5 Weapon 5 | . . . 3 2 Highest Loss Streak 10 | . . . 4 10 Average Slot Usage (%) 95 | . 99 100 92 82 Engine 5 | . 14 . 5 . Core 6 | . . 13 3 8 Leg 22 | . 28 28 21 . Wheel 1 | . . . . 12 Device 11 | . 13 14 10 . Storage 14 | . 14 14 11 22 Processor 3 | . . . 9 8 Energy Gun 3 | . 11 . . . Ballistic Gun 22 | . 15 27 26 20 Slashing Weapon 2 | . . . 3 11 Naked Turns 2 | . . . . 2 Heaviest Build 45 | 13 26 26 26 45 Greatest Support 32 | 20 20 20 20 32 Greatest Overweight (x) 5 | . 1 1 5 2 Average Overweight (x) . | . . 1 . 1 Largest Inventory Capacity 16 | 6 10 10 10 16 Average Capacity 10 | 6 8 10 10 15 Most Carried 12 | 6 10 10 10 12 Average Carried 9 | 5 7 9 9 8 Final Capacity 10 | 6 10 10 10 4 Final Carried 10 | 6 10 10 10 4 Class Distribution -------------------- 84% | Mutant 15% | Gunner Dominant Class ---------------- Mutant | -10/Materials Mutant | -10/Mines Gunner | -9/Materials Mutant | -9/Storage Resources | -11 -10 -10 -9 -9 ----------- Run | Scr Mat Min Mat Sto Matter Collected 969 | 215 50 177 349 178 Remotely . | . . . . . Salvage Created 1179 | 94 97 206 480 302 Parts 67 | 2 10 16 19 20 Haulers Intercepted . | . . . . . Recyclers Shooed 1 | . . . . 1 Parts Field Recycled . | . . . . . Retrieved Matter . | . . . . . Parts Self-Destructed . | . . . . . Prevented . | . . . . . Kills | -11 -10 -10 -9 -9 ------- Run | Scr Mat Min Mat Sto Combat Hostiles Destroyed 29 | . 5 5 11 8 Guns 24 | . 2 3 11 8 AOE 5 | . 3 2 . . Classes Destroyed 6 | 1 3 . 2 . Builder 1 | . 1 . . . Recycler 1 | 1 . . . . Swarmer 3 | . 3 . . . Grunt 22 | . 2 5 9 6 Brawler 1 | . . . 1 . Sentry 3 | . . . 1 2 Best Kill Streak 4 | 1 4 2 4 3 Combat Bots Only 4 | . 3 2 4 3 Max Kills in Single Turn 3 | 1 3 1 1 1 Gunslinging . | . . . . . Exploded 3 | . 3 1 . . Melee . | . . . . . Uniques/NPCs Destroyed . | . . . . . Combat | -11 -10 -10 -9 -9 -------- Run | Scr Mat Min Mat Sto Damage Taken 1804 | . 141 354 784 525 Core 545 | . 45 96 254 150 Absorbed by Shields . | . . . . . Core Remaining (%) 71 | 100 . 43 . . Volleys Fired 101 | 5 11 18 38 29 Largest 3 | 2 2 2 3 2 Hottest 70 | 70 70 53 60 46 Shots Fired 180 | 10 22 36 69 43 Gun 176 | 10 21 33 69 43 Cannon . | . . . . . Launcher 4 | . 1 3 . . Special . | . . . . . Kinetic 161 | 5 11 33 69 43 Thermal 15 | 5 10 . . . Explosive 4 | . 1 3 . . Electromagnetic . | . . . . . Robot Hit Streak 49 | 7 4 10 46 49 Robot Miss Streak 2 | 1 2 2 1 2 Penetration Max . | . . . . . Secondary Targets 4 | . . 1 2 1 Max Gunslinging Chain 1 | . . 1 1 1 Shots Hit Robots 159 | 9 13 30 65 42 Core Hits 67 | 2 8 13 26 18 Critical Hits . | . . . . . Critical Kills . | . . . . . Critical Parts Destroyed . | . . . . . Melee Attacks 2 | . . . . 2 Impact . | . . . . . Slashing 2 | . . . . 2 Piercing . | . . . . . Sneak Attacks 2 | . . . . 2 Combat Hostiles . | . . . . . Follow-up Attacks . | . . . . . Damage Inflicted 2412 | 111 401 480 607 813 Guns 1880 | 111 168 337 604 660 Cannons . | . . . . . Explosions 374 | . 233 141 . . Melee 153 | . . . . 153 Ramming 5 | . . 2 3 . Kinetic 1732 | 62 69 337 604 660 Thermal 148 | 49 99 . . . Explosive 374 | . 233 141 . . Electromagnetic . | . . . . . Impact . | . . . . . Slashing 153 | . . . . 153 Piercing . | . . . . . Highest Corruption . | . . . . . Average Corruption . | . . . . . Corruption Purged . | . . . . . Overload Shots . | . . . . . Overflow Damage 88 | . . . . 88 Projectiles . | . . . . . Explosions . | . . . . . Melee 88 | . . . . 88 Knockbacks . | . . . . . Impact . | . . . . . Kinetic . | . . . . . Secondary . | . . . . . Self-Inflicted Damage 35 | . 33 1 1 . Shots 1 | . 1 . . . Rammed 2 | . . 1 1 . Targets Rammed 2 | . . 1 1 . Kicked . | . . . . . Crushed . | . . . . . Highest Temperature 45 | 45 . 3 4 9 Average Temperature 13 | 23 . 3 2 3 Received Heat Transfer 1056 | . 60 264 453 279 Siege Activations . | . . . . . Robots Corrupted . | . . . . . Combat Hostiles . | . . . . . Parts Fried . | . . . . . Impact Corruptions . | . . . . . Robots Melted . | . . . . . Combat Hostiles . | . . . . . Parts Melted . | . . . . . Heat Transferred 444 | 148 296 . . . Parts Sabotaged . | . . . . . Parts Stolen . | . . . . . Parts Stripped . | . . . . . Power Chain Reactions . | . . . . . Missiles Intercepted . | . . . . . Alert | -11 -10 -10 -9 -9 ------- Run | Scr Mat Min Mat Sto Peak Influence 326 | 5 99 176 326 190 Initial 32 | . 2 32 14 30 Average 82 | 2 36 74 143 100 Maximum Alert Level 1 | . . . 1 . Low Security (%) 91 | 100 100 100 63 100 Level 1 8 | . . . 36 . Level 2 . | . . . . . Level 3 . | . . . . . Level 4 . | . . . . . Level 5 . | . . . . . High Security . | . . . . . Max Security . | . . . . . Squads Dispatched 2 | . . . 1 1 Investigation 1 | . . . 1 . Extermination . | . . . . . Reinforcement . | . . . . . Assault . | . . . . . Garrison 1 | . . . . 1 Intercept . | . . . . . Construction Impeded . | . . . . . Haulers Reinforced . | . . . . . Stealth | -11 -10 -10 -9 -9 --------- Run | Scr Mat Min Mat Sto Distress Signals 3 | . 1 . 1 1 Communications Jammed . | . . . . . Distress Signals . | . . . . . Times Spotted 48 | . 11 9 16 12 Peak Tracking Total 7 | . 4 4 5 7 Tactical Retreats 6 | . 1 4 . 1 Traps | -11 -10 -10 -9 -9 ------- Run | Scr Mat Min Mat Sto Traps Triggered . | . . . . . Indirectly . | . . . . . Trap Hack Attempts . | . . . . . Triggered . | . . . . . Disarmed . | . . . . . Reprogrammed 6 | . 6 . . . Reused . | . . . . . Traps Extracted . | . . . . . Installed . | . . . . . Triggered . | . . . . . Machines | -11 -10 -10 -9 -9 ---------- Run | Scr Mat Min Mat Sto Machines Disabled 2 | . 1 1 . . Max in Single Turn 1 | . 1 1 . . Machines Sabotaged . | . . . . . Garrisons Compromised . | . . . . . Overloaded Fab Kills . | . . . . . Fab Network Shutdowns . | . . . . . Hacking | -11 -10 -10 -9 -9 --------- Run | Scr Mat Min Mat Sto Machines Accessed 8 | . 3 . 2 3 Terminals 8 | . 3 . 2 3 Fabricators . | . . . . . Repair Stations . | . . . . . Recycling Units . | . . . . . Scanalyzers . | . . . . . Garrison Access . | . . . . . Total Hacks 19 | . 9 . 7 3 Successful 16 | . 7 . 6 3 Failed 3 | . 2 . 1 . Catastrophic . | . . . . . Database Lockouts . | . . . . . Manual 3 | . 3 . . . Terminals 19 | . 9 . 7 3 Fabricators . | . . . . . Repair Stations . | . . . . . Recycling Units . | . . . . . Scanalyzers . | . . . . . Garrison Access . | . . . . . Terminal Hacks 15 | . 6 . 6 3 Robot Analysis 2 | . . . 2 . Open Door 2 | . . . . 2 Alert Level 1 | . 1 . . . Locate Traps 4 | . 3 . 1 . Reprogram Traps 1 | . 1 . . . Maintenance Status 1 | . 1 . . . Reinforcement Status 1 | . . . 1 . Zone Layout 3 | . . . 2 1 Fabricator Hacks . | . . . . . Repair Station Hacks . | . . . . . Recycling Unit Hacks . | . . . . . Scanalyzer . | . . . . . Garrison Access Hacks . | . . . . . Unauthorized Hacks 1 | . 1 . . . Terminals 1 | . 1 . . . Botnet 1 | . 1 . . . Fabricators . | . . . . . Repair Stations . | . . . . . Recycling Units . | . . . . . Scanalyzers . | . . . . . Garrison Access . | . . . . . Data Cores Recovered . | . . . . . Used . | . . . . . Hacking Detections 4 | . 2 . 2 . Full Trace Events 3 | . 1 . 2 . Feedback Events . | . . . . . Feedback Blocked . | . . . . . Robot Schematics Acquired . | . . . . . Robots Built . | . . . . . Matter . | . . . . . Time . | . . . . . Total Robot Build Rating . | . . . . . Part Schematics Acquired . | . . . . . Parts Built . | . . . . . Matter . | . . . . . Time . | . . . . . Total Part Build Rating . | . . . . . Parts Repaired . | . . . . . Time . | . . . . . Parts Recycled . | . . . . . Recycled Matter . | . . . . . Retrieved Matter . | . . . . . Retrieved Components . | . . . . . Parts Scanalyzed . | . . . . . Part Schematics Acquired . | . . . . . Parts Damaged . | . . . . . Bothacking | -11 -10 -10 -9 -9 ------------ Run | Scr Mat Min Mat Sto Used RIF Installer . | . . . . . Robots Hacked . | . . . . . Non-combat . | . . . . . Combat . | . . . . . Robot Hacks Applied . | . . . . . Relay Couplers Released . | . . . . . Robots Rewired . | . . . . . Allies Hacked . | . . . . . Hacks Repelled . | . . . . . Allies | -11 -10 -10 -9 -9 -------- Run | Scr Mat Min Mat Sto Total Allies . | . . . . . Largest Group . | . . . . . Highest-Rated Group . | . . . . . Highest-Rated Ally . | . . . . . Total Orders . | . . . . . Ally Attacks . | . . . . . Total Damage . | . . . . . Kills . | . . . . . Allies Corrupted . | . . . . . Allies Melted . | . . . . . Intel | -11 -10 -10 -9 -9 ------- Run | Scr Mat Min Mat Sto Robot Analysis Total 2 | . . . 2 . Derelict Logs Recovered 1 | . . 1 . . Drone Launches . | . . . . . Drone Recoveries . | . . . . . Exploration | -11 -10 -10 -9 -9 ------------- Run | Scr Mat Min Mat Sto Turns Passed 1687 | 26 473 553 401 234 Spaces Moved 924 | 7 301 303 195 118 Core 5 | . . . 3 2 Treads . | . . . . . Legs 803 | 7 301 303 192 . Wheels 116 | . . . . 116 Hover . | . . . . . Flight . | . . . . . Fastest Speed 50 | 120 120 150 120 50 Average Speed 141 | 120 138 150 150 116 Slowest Speed 300 | 120 150 150 300 120 Overloaded Moves . | . . . . . Propulsion Burnouts . | . . . . . Robots Hopped . | . . . . . Cave-ins Triggered . | . . . . . Exploration Rate (%) 35 | 3 52 73 27 23 Regions Visited 4 Branch Regions 2 Pre-discovered Areas . | . . . . . Known Exits Taken . | . . . . . Unknown Exits Taken 4 | 1 1 1 1 . Scrap Searched 1 | . . 1 . . Spaces Dug . | . . . . . Terrain Destroyed 53 | . 27 26 . . Melee . | . . . . . Projectile . | . . . . . AOE 53 | . 27 26 . . Terrain Rammed . | . . . . . Walls Destroyed . | . . . . . Machines Disabled . | . . . . . Actions | -11 -10 -10 -9 -9 --------- Run | Scr Mat Min Mat Sto Total 1144 | 15 336 367 257 169 Wait 54 | . 8 38 5 3 Move 920 | 6 300 302 194 118 Hop . | . . . . . Pick Up 23 | 2 7 1 5 8 Fast Attach 6 | . 2 1 3 . Attach 8 | . . . 2 6 Detach 1 | . . . 1 . Swap 8 | . 3 3 2 . Drop 19 | 2 5 3 6 3 Fire 101 | 5 11 18 38 29 Melee 2 | . . . . 2 Ram . | . . . . . Kick 2 | . . 1 1 . Crush . | . . . . . Escape Stasis . | . . . . . Rewire . | . . . . . Trap . | . . . . . Miscellaneous . | . . . . . Route ------- -11/Scrapyard -10/Materials (discovered 2 exits: *Mat / [*Min]) -10/Mines -9/Materials (discovered 2 exits: [*Min] / *Sto) -9/Storage (discovered 1 exit: Rec) History --------- Turn | Location | Event 16 | -11/Scrapyard | Discovered new exit (range 3) 27 | -11/Scrapyard | Entered Materials 302 | -10/Materials | Discovered new exit (range 9) 310 | -10/Materials | Build established: Mutant 459 | -10/Materials | Discovered new exit (range 5) 500 | -10/Materials | Entered Mines 632 | -10/Mines | Received a Rocket Launcher from a helpful Derelict 849 | -10/Mines | Core integrity fell below 50% 894 | -10/Mines | Found a hidden stash of uninstalled traps 929 | -10/Mines | Discovered new exit (range 8) 1053 | -10/Mines | Entered Materials 1053 | -9/Materials | Evolved 2 slots: Utility x1, Weapon x1 1380 | -9/Materials | Discovered new exit (range 14) 1423 | -9/Materials | Discovered new exit (range 16) 1452 | -9/Materials | Core integrity fell below 50% 1454 | -9/Materials | Entered Storage 1455 | -9/Storage | Identified exit to Recycling 1479 | -9/Storage | Lost 4 parts (2n1u1w) 1635 | -9/Storage | Garrison activated, responded to threat 1656 | -9/Storage | Core integrity fell below 20% 1688 | -9/Storage | Destroyed by G-34 Mercenary with Small Laser Last Messages --------------- 01648_ Destroyed Tractor Beam. 01648_ Destroyed Lgt. Ion Engine. 01649_ R-06 Scavenger distress signal alerts nearby ally. 01653_ Shotgun destroyed. 01657_ R-06 Scavenger collects Aluminum Leg. 01659_ G-34 Mercenary destroyed. 01660_ R-06 Scavenger collects Heat Sink. 01663_ Y-45 Defender destroyed. 01664_ R-06 Scavenger collects Beam Rifle. 01670_ Com. Wheel destroyed. 01674_ R-06 Scavenger collects Aluminum Leg. 01680_ Mining Claw destroyed. 01681_ G-47 Trooper destroyed. 01685_ Dropped Lrg. Storage Unit. 01686_ Drone Bay crushed and broken. 01686_ Hcp. Matter Pod crushed and broken. 01686_ Drone Bay crushed and broken. 01686_ Wheel crushed and broken. 01686_ Dropped Shotgun. 01687_ Acquired 41 matter. Map ----- +----------------------------------------------------+ | ???????????????????????????#######?#### ## | | ??????????????????????????? = ?# | | ?????????????????????????# # """ " | | ?????????????????????????# """ """ # """ " | | ?????????????????????????# """^""" # """ " | | ?????????????????????????# """ """ # | | ?????????????????????????# """ """ # | | ?????????????????????????# """ """ # | | ?????????????????????????# # | | ??????????"#######+###########+#########+# | | ??????????" | | ????????>?" | | ??????????"#T### ###+########## ####+##### | | ???????????###?# #?# ????????# #??# T## | | ???????????????# #?# ????????# #??## #### | | ???????????????# #?#= "???????# #??# #?# | | ??????????######/### "???????# #??# #?" | | ??????????# # ??????# #??# #?T | | ??????????# !# ??????# #??# #?" | | ??????????# """"=%!# ?????# #??#####?# | | ??????????#????""!%# !! ????? #????????# | | ????????????????""%# !! ?????# #????????# | | ?????????????????"*##### ?????? ?????????# | | ?????????????????"!#??????????? ?????????? | | ??????????# g""""!#??????????? ?????????? | | ??????????# rg=@!#??????????? ?????????? | | ??????????#####/####??????????? ?????????? | | ?????????????# ???????????????? ?????????? | | ?????????????#????????????????? ?????????? | | ?????????????????????????????????????????? | | ?????????????????????????????????????????? | | ?????????????????????????????????????????? | | ?????????????????????????????????????????? | | ?????????????????????????????????????????? | | ?????????????????????????????????????????? | | ?????????????????????????????????????????? | | ?????????????????????????????????????????? | | ?????????????????????????????????????????? | | ?????????????????????????????????????????? | | ?????????????????????????????????????????? | | ?????????????????????????????????????????? | | ?????????????????????????????????????????? | | ?????????????????????????????????????????? | | ?????????????????????????????????????????? | | ?????????????????????????????????????????? | | ?????????????????????????????????????????? | | ?????????????????????????????????????????? | | ?????????????????????????????????????????? | | ?????????????????????????????????????????? | | ?????????????????????????????????????????? | +----------------------------------------------------+ Best States ------------- Heat Dissipation 42 Energy Generation 14 Energy Capacity 250 Matter Stores 300 Matter Capacity 300 Sight Range 16 Terrain Scan Density 10 Resistance: KI 20 Resistance: TH 20 Resistance: EX 20 Resistance: EM 20 Resistance: I 20 Resistance: S 20 Resistance: P 20 Evasion (%) 40 Targeting Accuracy 5 Offensive Hacking 10 Item Schematics ----------------- None Robot Schematics ------------------ None Fabricated ------------ Nothing Alien Tech Used ----------------- None Achievements -------------- None Challenges ------------ None Game ------ Seed TrackerModifiedMinigun Manual? 0 Play Time 00:29:48 Cumulative 86.7 hours Start 2020.11.24 @ 22:37:46 End 2021.04.02 @ 00:40:34 Sessions 12 Manual Loads 0 Difficulty Adventurer Special Mode Halloween2020/ForbiddenLore Game No. 64 Rogue 3 Adventurer 44 Explorer 17 Win Type - Total 1 Types 1/0/0/0/0/0/0/0/0 Lore% 47 Gallery% 54 Achievement% 39 Wizard Run 0 Options --------- ASCII 0 Keyboard 0 Movement Numpad Keybinds 0 Fullscreen 1 Font 24/Smallcaps Map View 76x50 Tactical HUD 1 Map Filters NONE Filters BRIGHTNESS(87) Steam 1 RUN: b3946931-fc13-4c35-a61f-a30f7d75ae54